Map: Cyber Forest LE

Players

Serral - Winner!

  • Race: Zerg Zerg
  • League: Grandmaster
  • Spawn Location: 5:00

liquidthermy (uThermal)

  • Race: Terran Terran
  • Spawn Location: 11:00

Event: HomeStory Cup XIX

VOD

Have the link to the VOD?

Description

Time

  • Played on: June 27, 2019, 12:58 p.m.
  • Length: 7:39

All games in this series

Show
View Real Time Build Order
Export as new Build Order

Serral Zerg - Winner!

Build Orders: Hatch First 

Get SALT Encoding   

  12  0:00  Drone  
  13  0:12  Overlord  
  13  0:17  Drone  
  14  0:31  Drone x2  
  16  0:49  Hatchery  
  15  0:52  Drone  
  15  0:55  Drone  
  17  0:58  Drone  
  18  1:09  Extractor  
  17  1:13  Spawning Pool  
  17  1:17  Drone  
  17  1:20  Drone  
  18  1:28  Drone  
  19  1:39  Drone  
  20  1:58  Overlord  
  20  2:00  Queen x2  
  24  2:01  Zergling x4  
  26  2:11  Drone x2  
  28  2:26  Hatchery  
  28  2:29  Extractor  
  25  2:31  Metabolic Boost  
  25  2:34  Drone  
  27  2:37  Drone  
  27  2:40  Drone  
  30  2:44  Drone  
  30  2:45  Drone  
  30  2:51  Overlord  
  31  2:58  Queen  
  31  3:01  Drone  
  31  3:03  Drone  
  35  3:09  Drone x2  
  35  3:12  Drone x2  
  39  3:14  Zergling x2  
  40  3:23  Overlord  
  40  3:24  Drone  
  41  3:27  Drone  
  41  3:33  Drone  
  43  3:37  Queen  
  43  3:39  Drone  
  43  3:40  Drone, Roach Warren  
  46  3:42  Drone  
  46  3:45  Drone  
  46  3:46  Drone  
  49  3:48  Drone  
  49  3:50  Drone  
  49  3:52  Drone  
  52  3:58  Drone, Overlord  
  52  4:02  Drone  
  54  4:04  Extractor x2  
  54  4:05  Queen  
  54  4:09  Overlord  
  54  4:15  Overlord  
  54  4:20  Drone  
  54  4:21  Drone, Roach x2  
  60  4:27  Roach x3  
  66  4:32  Lair  
  66  4:38  Roach x2  
  70  4:43  Drone x3  
  70  4:45  Overlord  
  73  4:49  Roach x2  
  77  4:55  Zergling x8  
  81  5:03  Zergling x2  
  82  5:07  Overlord  
  82  5:09  Overlord  
  82  5:12  Roach x3  
  82  5:13  Drone x2  
  89  5:21  Overlord  
  89  5:23  Overlord  
  89  5:26  Roach x2  
  93  5:29  Glial Reconstitution  
  93  5:31  Evolution Chamber  
  92  5:36  Roach x2  
  92  5:39  Overlord  
  92  5:40  Drone  
  92  5:41  Drone  
  98  5:43  Roach  
  98  5:49  Overlord  
  100  5:51  Drone x2  
  100  5:55  Roach x3  
  100  6:05  Zergling x4, Roach x5  
  92  6:13  Zergling x4, Roach x2  
  82  6:25  Roach x3  
  88  6:33  Overseer  
  86  6:41  Queen x2  
  86  6:42  Queen  
  86  6:47  Drone x4  
  95  6:49  Drone  
  95  6:50  Drone x2  
  99  7:02  Roach x3  
  99  7:07  Extractor, Ravager x2  
  99  7:08  Ravager  
  108  7:10  Roach x3  
  108  7:13  Zergling x2  
  108  7:14  Zergling x8  
  119  7:20  Ravager  
Show
View Real Time Build Order
Export as new Build Order

liquidthermy Terran 

Build Orders: Reaper Expand 

Get SALT Encoding   

  12  0:01  SCV  
  13  0:13  SCV  
  14  0:16  Supply Depot  
  14  0:25  SCV  
  15  0:38  SCV  
  15  0:39  Barracks  
  16  0:43  Refinery  
  16  0:50  SCV  
  17  1:02  SCV  
  18  1:14  SCV  
  19  1:27  Orbital Command, Reaper  
  20  1:40  Command Center  
  20  1:51  Barracks  
  21  1:54  SCV  
  21  1:59  Barracks Reactor  
  21  2:06  SCV  
  22  2:09  Supply Depot  
  22  2:18  SCV  
  22  2:20  Refinery  
  23  2:30  SCV  
  23  2:35  Factory  
  23  2:36  Marine x2  
  25  2:41  Barracks Tech Lab  
  25  2:42  SCV  
  26  2:51  Orbital Command  
  26  2:54  Marine x2  
  26  2:56  SCV  
  29  3:03  Stimpack  
  29  3:05  Marine  
  29  3:08  SCV  
  29  3:12  Marine x2  
  33  3:17  SCV  
  34  3:20  SCV  
  34  3:25  Starport  
  35  3:29  Marine  
  35  3:30  Factory Reactor  
  35  3:31  Marine  
  37  3:35  SCV x2  
  37  3:37  Marine  
  40  3:41  Supply Depot  
  40  3:47  SCV x2  
  42  3:49  Marine  
  42  3:50  Marine  
  44  3:56  Marine  
  44  3:59  SCV  
  46  4:03  SCV  
  46  4:04  Supply Depot  
  46  4:07  Marine  
  48  4:11  SCV, Medivac x2  
  48  4:12  Marine  
  54  4:21  Supply Depot  
  54  4:26  Marine x2, SCV x2  
  54  4:30  Marine  
  54  4:31  Widow Mine  
  61  4:34  Supply Depot  
  62  4:38  SCV  
  62  4:43  SCV, Supply Depot  
  62  4:44  Marine x2  
  65  4:48  Marine  
  65  4:50  Medivac x2  
  70  4:57  Supply Depot  
  72  5:00  Hellion  
  72  5:01  Marine x2, SCV  
  72  5:05  Marine, Supply Depot  
  76  5:07  Combat Shield  
  76  5:10  SCV  
  76  5:14  SCV  
  77  5:19  Marine x2  
  79  5:21  Factory Tech Lab  
  79  5:22  SCV  
  79  5:23  Marine  
  81  5:29  SCV  
  82  5:37  Marine x2  
  82  5:40  Siege Tank  
  82  5:41  Marine  
  88  5:43  SCV  
  88  5:48  SCV  
  90  5:55  Marine x2  
  90  5:56  SCV  
  93  5:59  Marine  
  93  6:00  SCV  
  84  6:08  SCV  
  68  6:12  SCV  
  68  6:13  Marine x2  
  68  6:17  Marine  
  61  6:19  Siege Tank  
  61  6:20  SCV  
  61  6:24  SCV  
  64  6:30  Marine x2  
  64  6:32  SCV  
  66  6:34  Marine  
  66  6:36  Medivac  
  66  6:37  Medivac  
  71  6:48  Marine x2  
  71  6:52  Marine  
  71  6:53  SCV x2  
  76  6:56  Siege Tank  
  78  7:05  SCV  
  78  7:06  Marine x2  
  81  7:10  Marine  
Tags
 
Add a new tag
Caveats
  • Supply blocks, unpowered buildings, or Contaminate may cause inaccurate times.
  • Supply counts are checked every 10 seconds.